 Seeded DCSS version 0.30-a0-140-gd1020e658a (webtiles) character file.

Game seed: 3074401033244381903 (custom seed)

11928 SigmundSlayer the Geomancer (level 11, -2/86 HPs)
             Began as a Demonspawn Earth Elementalist on Sept 25, 2022.
             Was a Priest of Vehumet.
             Slain by a torpor snail (15 damage)
             ... in a Gauntlet.
             The game lasted 00:17:27 (11145 turns).

SigmundSlayer the Geomancer (DsEE)                 Turns: 11145, Time: 00:17:28

Health: -2/86      AC: 14    Str:  9    XL:     11   Next: 55%
Magic:  10/18      EV: 11    Int: 21    God:    Vehumet [***...]
Gold:   903        SH:  0    Dex: 15    Spells: 16/20 levels left

rFire   + . .      SeeInvis .    k - staff of earth
rCold   . . .      Faith    .    (no shield)
rNeg    . . .      Spirit   .    B - +2 leather armour "Xinydyag" {rElec rPois Dex+2}
rPois   +          Reflect  .    (no helmet)
rElec   +          Harm     .    o - +2 cloak
rCorr   .          Rampage  .    h - +0 pair of gloves
Will    .....      NoTele   +    y - +1 pair of boots
Stlth   ++........               m - amulet of regeneration
HPRegen 1.04/turn                q - ring of protection from fire
MPRegen 0.32/turn                w - ring of poison resistance

@: slowed, very slow
A: hooves 2, yellow scales 2, magic regeneration
a: Renounce Religion


You were in a Gauntlet.
You worshipped Vehumet.
Vehumet was most pleased with you.
You visited 2 branches of the dungeon, and saw 12 of its levels.
You also visited: Gauntlet.

You collected 903 gold pieces.

Inventory:

Missiles
 a - 2 throwing nets
Armour
 h - a +0 pair of gloves (worn)
 n - the +1 hat of Boiling Hail {rPois}
   (You found it in a Gauntlet)

   rPois:     It protects you from poison.
 o - a +2 cloak (worn)
 u - a +1 troll leather armour {Snorg}
 y - a +1 pair of boots (worn)
 B - the +2 leather armour "Xinydyag" (worn) {rElec rPois Dex+2}
   (You took it off a kobold demonologist on level 10 of the Dungeon)

   Dex:       It affects your dexterity (+2).
   rElec:     It insulates you from electricity.
   rPois:     It protects you from poison.
Magical Staves
 k - a staff of earth (weapon)
Jewellery
 b - a +6 ring of intelligence
 m - an amulet of regeneration (around neck)
 q - a ring of protection from fire (left hand)
 w - a ring of poison resistance (right hand)
Wands
 r - a wand of mindburst (2)
 s - a wand of paralysis (13)
 z - a wand of digging (3)
Scrolls
 e - a scroll of teleportation
 g - a scroll of fog
 l - 3 scrolls of fear
 x - 2 scrolls of torment
 A - a scroll of identify
Potions
 c - 3 potions of attraction
 d - 2 potions of berserk rage
 f - a potion of haste
 i - 6 potions of curing
 j - 2 potions of cancellation
 p - 5 potions of mutation
 t - a potion of flight
 v - 2 potions of heal wounds


   Skills:
 - Level 8.0 Fighting
 - Level 1.7 Dodging
 - Level 1.7 Stealth
 - Level 5.0 Spellcasting
 - Level 10.0 Conjurations
 - Level 0.8 Transmutations
 + Level 11.9 Earth Magic


You had 16 spell levels left.
You knew the following spells:

 Your Spells              Type           Power      Damage    Failure   Level
a - Sandblast             Erth           100%       2d20      1%          1
b - Stone Arrow           Conj/Erth      100%       3d13      1%          3

Your spell library contained the following spells:

 Spells                   Type           Power      Damage    Failure   Level
 Airstrike                Air            2%         2d(1-17)  36%         4
 Magic Dart               Conj           100%       1d8       1%          1
 Passwall                 Tmut/Erth      40%        N/A       1%          2
 Searing Ray              Conj           94%        2d7       1%          2
 Fulminant Prism          Conj/Hex       13%        3d9       5%          4
 Beastly Appendage        Tmut           16%        N/A       11%         1
 Petrify                  Tmut/Erth      48%        N/A       11%         4
 Irradiate                Conj/Tmut      14%        3d16      12%         5
 Wereblood                Tmut           8%         N/A       16%         2
 Sublimation of Blood     Necr           5%         N/A       22%         2
 Spider Form              Tmut/Pois      7%         N/A       36%         3
 Summon Guardian Golem    Hex/Summ       5%         N/A       41%         3
 Orb of Destruction       Conj           23%        9d8       45%         7
 Spellforged Servitor     Conj/Summ      13%        N/A       97%         7


Dungeon Overview and Level Annotations

Branches:
Dungeon (11/15)            Temple (1/1) D:4            Lair (0/5) D:11
    Orc (0/2) D:9         Gauntlet (1/1)

Altars:
Ashenzari
Cheibriados
Dithmenos
Fedhas
Gozag
Hepliaklqana
Makhleb
Nemelex Xobeh
Okawaru
Qazlal
Ru
Sif Muna
Trog
Uskayaw
Vehumet
Wu Jian
Xom
Yredelemnul

Shops:
D:2 :   D:3 (

Portals:
Trove: D:10 (give 18 potions of curing)

Annotations:
D:8 2 transporters Gauntlet 9 transporters, 24 runed translucent doors, exclusion: obsidian statue


Innate Abilities, Weirdness & Mutations

You have hoof-like feet.
You are mostly covered in yellow scales. (AC +3)
You regenerate magic rapidly.


Message History

Casting: Stone Arrow (safe; 1% risk of failure)
Confirm with . or Enter, or press ? or * to list all spells.
Aiming: Stone Arrow (safe; 1% risk of failure)
Press: ? - help, Shift-Dir - straight line, f/p - eight-headed hydra
Aim: an eight-headed hydra (moderately wounded, 92% to hit)
You feel a surge of power!
The stone arrow hits the eight-headed hydra!
The eight-headed hydra is heavily wounded.
The eight-headed hydra completely misses you.
The eight-headed hydra misses you.
The eight-headed hydra bites you but does no damage.
The eight-headed hydra bites you.
The eight-headed hydra barely misses you.
The eight-headed hydra bites you but does no damage.
The eight-headed hydra bites you.
The eight-headed hydra closely misses you.
The eight-headed hydra bites you!
The eight-headed hydra bites you but does no damage.
The eight-headed hydra bites you.
The eight-headed hydra bites you but does no damage.
The eight-headed hydra bites you!
The eight-headed hydra barely misses you.
The eight-headed hydra bites you. The eight-headed hydra bites you!
Casting: Stone Arrow (safe; 1% risk of failure)
Confirm with . or Enter, or press ? or * to list all spells.
Aiming: Stone Arrow (safe; 1% risk of failure)
Press: ? - help, Shift-Dir - straight line, f/p - eight-headed hydra
Aim: an eight-headed hydra (heavily wounded, 92% to hit)
You feel a surge of power!
The stone arrow hits the eight-headed hydra!!
The eight-headed hydra is almost dead.
The eight-headed hydra bites you but does no damage. x2
The eight-headed hydra bites you!
* * * LOW HITPOINT WARNING * * *
The eight-headed hydra completely misses you.
The eight-headed hydra bites you!
* * * LOW HITPOINT WARNING * * *
The eight-headed hydra bites you but does no damage. x3
The torpor snail bites you!
You die...

## ##...............8.....8.
#.# ##.8.....8..............
##..##≈...............#######
.....##.§.#########...#......
#....#.§.#..^.^..#...#.##^..
#.©8.#...#[#.#.⌠.#####..##.#
##....#...#).P.P..#...#...#.#
...©8.#.8.#©#w©.8.#©.©#©..#s.
##....#...#.@P.P..#...#.†.#.#
#.©8.#...#?#D#.8.#####.^##.#
#....#...#..^.^..#...#.##^..
.....##...#########...#......
##..##§...............#######
#.# ##.8.....8..............
## ##...............8.....8.
#≈...###########.........
##...#24.......#...######


You could see an eight-headed hydra and a torpor snail.

Vanquished Creatures
  Snorg (D:10)
  The ghost of Chaicat the Blocker, a novice GnFi of Ashenzari (D:8)
  2 two-headed ogres
  A death yak (D:11)
  A cyclops (D:6)
  An unseen horror (D:10)
  A komodo dragon (D:10)
  A kobold demonologist (D:10)
  An unseen horror zombie (D:8)
  A wind drake (shapeshifter) (Gauntlet)
  A troll (D:11)
  5 slime creatures (D:9)
  2 shadows
  A vampire (D:9)
  A wraith (D:9)
  3 steam dragons
  A redback (shapeshifter) (Gauntlet)
  Menkaure (D:4)
  An acid dragon (D:10)
  4 water moccasins
  3 orc warriors
  A sky beast (D:7)
  3 black bears
  2 ice beasts (D:6)
  3 ogres
  3 centaurs
  A phantom (D:5)
  3 kobold brigands
  A gnoll sergeant (D:9)
  3 necrophages
  6 bullfrogs
  13 wights
  6 killer bees
  6 howler monkeys
  A gnoll bouda (D:7)
  5 hounds
  7 orc priests
  Crazy Yiuf (D:3)
  2 iguanas
  5 orc wizards
  A killer bee zombie (D:8)
  13 gnolls
  8 adders
  A shadow imp (D:5)
  A white imp (D:8)
  2 ufetubi (D:5)
  2 dart slugs
  30 orcs
  6 ball pythons
  6 endoplasms
  3 giant cockroaches
  9 hobgoblins
  4 jackals
  21 kobolds
  2 quokkas
  7 bats
  4 frilled lizards
  9 goblins
  7 rats
242 creatures vanquished.

Vanquished Creatures (collateral kills)
  A sky beast (D:7)
  2 wights (D:7)
3 creatures vanquished.

Grand Total: 245 creatures vanquished

Notes
Turn   | Place    | Note
-------+----------+-------------------------------------------
     0 | D:1      | SigmundSlayer the Demonspawn Earth Elementalist began the
                  | quest for the Orb.
     0 | D:1      | Reached XP level 1. HP: 13/13 MP: 3/3
    92 | D:1      | Reached skill level 3 in Earth Magic
   137 | D:1      | Gained mutation: You regenerate magic rapidly. [demonic
                  | ancestry]
   137 | D:1      | Reached XP level 2. HP: 19/19 MP: 0/5
   465 | D:1      | Reached XP level 3. HP: 15/24 MP: 0/6
   741 | D:1      | Reached skill level 4 in Earth Magic
  1285 | D:2      | Found Didan's Book Emporium.
  1723 | D:3      | Reached XP level 4. HP: 30/30 MP: 4/8
  1817 | D:3      | Identified the +0 cloak of the Abyss {Harm rF+}
  2047 | D:3      | Found Niffocsire's Weapon Shoppe.
  2095 | D:3      | Reached XP level 5. HP: 35/35 MP: 6/9
  2537 | D:3      | Found a runed translucent door.
  2538 | D:3      | Noticed Crazy Yiuf
  2542 | D:3      | Killed Crazy Yiuf
  2543 | D:3      | Reached skill level 5 in Earth Magic
  3158 | D:4      | Noticed a water moccasin
  3164 | D:4      | Killed a water moccasin
  3165 | D:4      | Gained mutation: You are partially covered in yellow
                  | scales. (AC +2) [demonic ancestry]
  3165 | D:4      | Reached XP level 6. HP: 22/41 MP: 5/10
  3327 | D:4      | Reached skill level 6 in Earth Magic
  3523 | D:4      | Found a staircase to the Ecumenical Temple.
  3531 | Temple   | Entered the Ecumenical Temple
  3600 | Temple   | Became a worshipper of Vehumet
  3962 | D:4      | Found a burning altar of Makhleb.
  3962 | D:4      | Noticed Menkaure
  3964 | D:4      | Killed Menkaure
  3965 | D:4      | Reached skill level 7 in Earth Magic
  3965 | D:4      | Reached XP level 7. HP: 46/46 MP: 8/11
  4095 | D:4      | Identified the +1 robe "Adwufas" {+Blink}
  4366 | D:5      | Entered Level 5 of the Dungeon
  4615 | D:5      | Reached skill level 8 in Earth Magic
  5008 | D:5      | Reached XP level 8. HP: 52/52 MP: 9/12
  5067 | D:5      | Reached skill level 9 in Earth Magic
  5247 | D:6      | Reached * piety under Vehumet
  5247 | D:6      | Offered knowledge of Foxfire by Vehumet.
  5252 | D:6      | Learned a level 3 spell: Stone Arrow
  5436 | D:6      | Reached skill level 10 in Earth Magic
  5492 | D:6      | Reached skill level 1 in Fighting
  5589 | D:6      | Noticed a cyclops
  5593 | D:6      | Killed a cyclops
  5594 | D:6      | Reached skill level 5 in Fighting
  5594 | D:6      | Gained mutation: You have large cloven feet. [demonic
                  | ancestry]
  5594 | D:6      | Reached XP level 9. HP: 65/68 MP: 9/13
  6665 | D:7      | Reached skill level 1 in Conjurations
  6861 | D:7      | Offered knowledge of Poisonous Vapours by Vehumet.
  6866 | D:7      | Reached ** piety under Vehumet
  7130 | D:7      | Noticed a two-headed ogre
  7168 | D:7      | Killed a two-headed ogre
  7169 | D:7      | Reached skill level 5 in Conjurations
  7169 | D:7      | Gained mutation: You have hoof-like feet. [demonic
                  | ancestry]
  7169 | D:7      | Reached XP level 10. HP: 63/80 MP: 12/14
  7740 | D:8      | Found a runed translucent gate.
  7740 | D:8      | Found a runed translucent gate.
  7740 | D:8      | Found a runed translucent gate.
  7740 | D:8      | Noticed Chaicat's ghost (novice GnFi)
  7742 | D:8      | Found a basalt altar of Yredelemnul.
  7783 | D:8      | Killed Chaicat's ghost
  7957 | D:8      | Offered knowledge of Static Discharge by Vehumet.
  8038 | D:8      | Found a transporter.
  8057 | D:8      | Found a transporter.
  8306 | D:8      | Found a transporter.
  8317 | D:8      | Found a transporter.
  8502 | D:9      | Reached *** piety under Vehumet
  8535 | D:9      | Found a hide-covered altar of Uskayaw.
  8761 | D:9      | Found an iron altar of Okawaru.
  8766 | D:9      | Reached skill level 10 in Conjurations
  8775 | D:9      | Found a sacrificial altar of Ru.
  8777 | D:9      | Found an opulent altar of Gozag.
  8777 | D:9      | Found a shimmering altar of Xom.
  8777 | D:9      | Found a sparkling altar of Nemelex Xobeh.
  8779 | D:9      | Found a bloodstained altar of Trog.
  8780 | D:9      | Found a broken altar of Ashenzari.
  8782 | D:9      | Found an ornate altar of the Wu Jian Council.
  8852 | D:9      | Found a staircase to the Orcish Mines.
  9008 | D:9      | Gained mutation: You are mostly covered in yellow scales.
                  | (AC +3) [demonic ancestry]
  9008 | D:9      | Reached XP level 11. HP: 47/86 MP: 11/17
  9616 | D:10     | Entered Level 10 of the Dungeon
  9653 | D:10     | Reached skill level 5 in Spellcasting
  9667 | D:10     | Noticed a two-headed ogre
  9673 | D:10     | Killed a two-headed ogre
  9895 | D:10     | Offered knowledge of Airstrike by Vehumet.
  9909 | D:10     | Noticed Snorg
  9917 | D:10     | Killed Snorg
  9918 | D:10     | Reached skill level 11 in Earth Magic
 10020 | D:10     | Found a portal to a secret trove of treasure.
 10084 | D:10     | Identified the +2 leather armour "Xinydyag" {rElec rPois
                  | Dex+2}
 10319 | D:10     | Noticed a boulder beetle
 10657 | D:11     | Noticed a death yak
 10658 | D:11     | Found a gate leading to a gauntlet.
 10660 | D:11     | Found a staircase to the Lair.
 10666 | D:11     | Killed a death yak
 10667 | D:11     | Noticed a death yak
 10694 | D:11     | Noticed a death yak
 10756 | Gauntlet | Entered a Gauntlet
 10756 | Gauntlet | Found a transporter.
 10775 | Gauntlet | Noticed a shock serpent
 10776 | Gauntlet | a shock serpent changed into a glowing orange brain
 10776 | Gauntlet | Noticed a glowing orange brain (glowing shapeshifter)
 10777 | Gauntlet | a glowing orange brain changed into a moth of wrath
 10779 | Gauntlet | Found a transporter.
 10798 | Gauntlet | Found a transporter.
 10799 | Gauntlet | Found a transporter.
 10801 | Gauntlet | Found a large runed translucent door.
 10802 | Gauntlet | Found a large runed translucent door.
 10803 | Gauntlet | Found a large runed translucent door.
 10803 | Gauntlet | Found a large runed translucent door.
 10803 | Gauntlet | Found a runed translucent door.
 10804 | Gauntlet | Found a large runed translucent door.
 10805 | Gauntlet | Found a large runed translucent door.
 10806 | Gauntlet | Found a large runed translucent door.
 10806 | Gauntlet | Found a large runed translucent door.
 10807 | Gauntlet | Found a runed translucent gate.
 10813 | Gauntlet | Noticed a fire crab
 10816 | Gauntlet | Found a transporter.
 10816 | Gauntlet | Found a runed translucent gate.
 10817 | Gauntlet | Found a runed translucent gate.
 10817 | Gauntlet | Found a runed translucent door.
 10818 | Gauntlet | Found a large runed translucent door.
 10818 | Gauntlet | Found a large runed translucent door.
 10819 | Gauntlet | Found a large runed translucent door.
 10820 | Gauntlet | Found a large runed translucent door.
 10828 | Gauntlet | Noticed an eight-headed hydra
 10829 | Gauntlet | Found a large runed translucent door.
 10829 | Gauntlet | Found a large runed translucent door.
 10829 | Gauntlet | Found a transporter.
 10830 | Gauntlet | Found a large runed translucent door.
 10831 | Gauntlet | Found a large runed translucent door.
 10832 | Gauntlet | Found a transporter.
 10836 | Gauntlet | Found a transporter.
 10837 | Gauntlet | Noticed an obsidian statue
 10845 | Gauntlet | a manticore changed into a deep troll
 10845 | Gauntlet | Noticed a deep troll (glowing shapeshifter)
 10860 | Gauntlet | Noticed a reaper
 10863 | Gauntlet | Found a transporter.
 10871 | Gauntlet | Found a transporter.
 10871 | Gauntlet | Found a transporter.
 10871 | Gauntlet | Noticed a green death
 10873 | Gauntlet | Found a runed translucent gate.
 10873 | Gauntlet | Found a runed translucent gate.
 10879 | Gauntlet | Found a transporter.
 10885 | Gauntlet | Found a runed translucent gate.
 10966 | Gauntlet | a wyvern changed into a fire crab
 10966 | Gauntlet | Noticed a fire crab (shapeshifter)
 11053 | Gauntlet | a cyclops changed into a steelbarb worm
 11053 | Gauntlet | Noticed a steelbarb worm (shapeshifter)
 11055 | Gauntlet | Noticed a glowing orange brain
 11055 | Gauntlet | a steelbarb worm changed into a fire dragon
 11055 | Gauntlet | Noticed a fire dragon (shapeshifter)
 11056 | Gauntlet | a glowing orange brain changed into a steelbarb worm
 11056 | Gauntlet | Noticed a steelbarb worm (glowing shapeshifter)
 11057 | Gauntlet | a steelbarb worm changed into a mana viper
 11057 | Gauntlet | Noticed a mana viper (glowing shapeshifter)
 11058 | Gauntlet | a mana viper changed into a guardian serpent
 11064 | Gauntlet | a tarantella changed into a harpy
 11064 | Gauntlet | Noticed a harpy (glowing shapeshifter)
 11067 | Gauntlet | a harpy changed into a raiju
 11073 | Gauntlet | Identified the +1 hat of Boiling Hail {rPois}
 11092 | Gauntlet | a fire dragon changed into a radroach
 11092 | Gauntlet | Noticed a radroach (shapeshifter)
 11101 | Gauntlet | a radroach changed into a broodmother
 11101 | Gauntlet | Noticed a broodmother (shapeshifter)
 11145 | Gauntlet | Slain by a torpor snail

Illustrated notes

Levels and vault maps discovered:
D:1:      lemuel_arrival_tunnels, layout_basic
D:2:      layout_rooms, serial_shops, nicolae_lakefront_shop
D:3:      layout_loops_ring, serial_shops, nicolae_shop_behind_doors,
          grunt_ministairs_10, st_stairs_10, uniq_crazy_yiuf_cottage
D:4:      layout_basic, lightli_temple_of_fire, minmay_temple_entry_junction,
          uniq_menkaure
D:5:      layout_loops_cross
D:6:      layout_basic
D:7:      cheibrodos_steamvent, layout_basic, nicolae_tso_carved_into_rock,
          columned_hall_lemuel, chequers_serial_rivers_micro_b,
          kennysheep_generic_room_14
D:8:      layout_loops_ring, nicolae_yredelemnul_ghost_church, minivault_22,
          hangedman_decor_slide_cut, nicolae_diode_intersection
D:9:      layout_cave_pods, nicolae_uskayaw_suspiria, minitemple, serial_glass,
          glass_columns_b, glass_columns_a
D:10:     layout_roguey, nicolae_trove_entry_crossroad, st_stairs_12, uniq_snorg
D:11:     layout_loops_cross, dpeg_lair_monsters, gauntlet_entry_generic,
          minmay_lizard_king
Temple:   hellmonk_temple_forest_ring
Gauntlet: minmay_gauntlet_mixed_oops_all_seconds [minmay_gauntlet_arena_77_box,
          gammafunk_gauntlet_arena_split_x, minmay_gauntlet_arena_77_run_for_it,
          minmay_gauntlet_arena_make_your_own_arena,
          minmay_gauntlet_arena_77_museum,
          gammafunk_gauntlet_arena_split_diamond, gauntlet_exit_hidden_loot]

Skill      XL: |  1  2  3  4  5  6  7  8  9 10 11 |
---------------+----------------------------------+-----
Earth Magic    | 3 4 5 7 8 10 11 | 11.9
Spellcasting   | 3 4 5 |  5.0
Fighting       | 5 8 |  8.0
Conjurations   | 5 10 | 10.0
Dodging        | |  1.7
Stealth        | |  1.7
Transmutations | |  0.8

Action                   |  1- 3 |  4- 6 |  7- 9 | 10-12 || total
-------------------------+-------+-------+-------+-------++-------
Melee: Staff             |       |     5 |       |     4 ||     9
 Cast: Sandblast         |    62 |    66 |   126 |   185 ||   439
       Stone Arrow       |       |       |       |    39 ||    39
Evoke: Wand              |       |       |       |    15 ||    15
  Use: Scroll            |     5 |     2 |     9 |    11 ||    27
       Potion            |       |     1 |       |     3 ||     4
Armor: Robe              |     4 |    10 |     9 |    38 ||    61
       Leather armour    |       |       |       |    32 ||    32
       Steam dragon scal |       |       |       |    13 ||    13
       Troll leather arm |       |       |       |     2 ||     2
Dodge: Dodged            |    18 |    20 |    25 |   103 ||   166

Table legend: (Time is in decaauts)
 A = Elapsed time spent in this place.
 B = Non-inter-level travel time spent in this place.
 C = Inter-level travel time spent in this place.
 D = Time resting spent in this place.
 E = Time spent auto-exploring this place.
 F = Levels seen in this place.
 G = Mean time per level.
                   A        B        C        D        E       F      G
               +--------+--------+--------+--------+--------+-----+--------+
         Total |  11353 |  10693 |    660 |    690 |   8134 |  13 |  873.3 |
       Dungeon |  10882 |  10237 |    645 |    640 |   7906 |  11 |  989.3 |
        Temple |     84 |     69 |     15 |      0 |     54 |   1 |   84.0 |
      Gauntlet |    386 |    386 |      0 |     50 |    174 |   1 |  386.0 |
               +--------+--------+--------+--------+--------+-----+--------+

Top non-repeatable levels by time:
     D:4: 1322 daAuts
     D:3: 1282 daAuts
     D:7: 1210 daAuts
     D:9: 1186 daAuts
     D:6: 1149 daAuts
     D:1: 1141 daAuts
     D:8: 1003 daAuts
    D:10: 909 daAuts
     D:5: 834 daAuts
     D:2: 601 daAuts
Gauntlet: 386 daAuts
    D:11: 241 daAuts
  Temple: 84 daAuts
